 Dungeon Crawl Stone Soup version 0.29-a0-1019-g84f7d21838 (webtiles) character file.

Game seed: 7364008715035804870

670 rabbitsville the Caller (level 7, -3/31 HPs)
             Began as a Felid Summoner on Aug 10, 2022.
             Killed from afar by Maggie (17 damage)
             ... with a bolt of fire
             ... on level 6 of the Dungeon.
             The game lasted 00:31:34 (6217 turns).

rabbitsville the Caller (Felid Summoner)            Turns: 6217, Time: 00:31:35

Health: -3/31      AC:  2    Str:  4    XL:     7   Next: 32%
Magic:  15/15      EV: 20    Int: 18    God:
Gold:   203        SH:  0    Dex: 17    Spells: 2/15 levels left
                                        Lives:  0   Deaths: 2

rFire   . . .      SeeInvis +   (weapon unavailable)
rCold   . . .      Faith    .   (shield unavailable)
rNeg    . . .      Spirit   .   (body armour unavailable)
rPois   .          Reflect  .   (helmet unavailable)
rElec   .          Harm     .   (cloak unavailable)
rCorr   .          Rampage  .   (gloves unavailable)
Will    ++...                   (boots unavailable)
Stlth   ++........              h - amulet of magic regeneration
HPRegen 0.10/turn               f - ring of willpower
MPRegen 0.54/turn               p - ring of flight

@: flying, quick
A: very small, claws 1, fangs 3, see invisible, speed 1, shaggy fur 2, stealthy
paws, no weapons or thrown items, no armour, multi-lived
a: no special abilities


You were on level 6 of the Dungeon.
You visited 2 branches of the dungeon, and saw 8 of its levels.

You collected 203 gold pieces.

Inventory:

Jewellery
 f - a ring of willpower (left paw)
 h - an amulet of magic regeneration (around neck)
 j - an amulet of faith
 p - a ring of flight (right paw)
Wands
 m - a wand of digging (1)
 v - a wand of flame (6)
Scrolls
 b - 6 scrolls of identify
 g - a scroll of enchant armour
 n - a scroll of magic mapping {unknown}
 r - a scroll of immolation {unknown}
 s - a scroll of vulnerability {unknown}
Potions
 a - 2 potions of magic
 c - a potion of lignification {unknown}
 d - a potion of curing
 e - 2 potions of resistance {unknown}
 k - 2 potions of haste {unknown}
 o - a potion of degeneration {unknown}
 q - a potion of cancellation {unknown}
 t - a potion of might {unknown}
 u - a potion of attraction {unknown}
 w - a potion of invisibility {unknown}


   Skills:
 + Level 3.8 Fighting
 + Level 5.8 Dodging
 - Level 2.6 Stealth
 + Level 4.9 Spellcasting
 - Level 5.0 Hexes
 + Level 6.4 Summonings
 + Level 1.5 Air Magic


You had 2 spell levels left.
You knew the following spells:

 Your Spells              Type           Power      Damage    Failure   Level
a - Summon Small Mammal   Summ           100%       N/A       1%          1
b - Call Imp              Summ           27%        N/A       1%          2
c - Call Canine Familiar  Summ           27%        N/A       2%          3
d - Summon Guardian Gole  Hex/Summ       25%        N/A       3%          3
e - Summon Lightning Spi  Summ/Air       18%        N/A       26%         4

Your spell library contained the following spells:

 Spells                   Type           Power      Damage    Failure   Level
 Sting                    Tmut/Pois      16%        1d3       14%         1
 Poisonous Vapours        Pois/Air       14%        N/A       16%         2
 Ozocubu's Armour         Ice            4%         N/A       38%         3
 Olgreb's Toxic Radiance  Pois           4%         N/A       80%         4
 Metabolic Englaciation   Hex/Ice        6%         N/A       80%         5
 Simulacrum               Ice/Necr       2%         N/A       100%        6


Dungeon Overview and Level Annotations

Branches:
Dungeon (7/15)             Temple (1/1) D:5

Altars:
Ashenzari
Cheibriados
Dithmenos
Elyvilon
Fedhas
Gozag
Hepliaklqana
Kikubaaqudgha
Nemelex Xobeh
Okawaru
Sif Muna
Trog
Vehumet
Wu Jian
Xom
Yredelemnul
Zin
The Shining One

Shops:
D:2 *   D:6 *

Annotations:
D:3 3 runed translucent doors, Chaicat's ghost, amateur DsMo; OstrichLN's ghost, weakling TrGl; avis's ghost, amateur HOMo; osoart's ghost, amateur GnWn; xian's ghost, weakling DEHu
D:5 2 transporters, CorralTheTroops's ghost, novice DsCj
D:6 Maggie


Innate Abilities, Weirdness & Mutations

You have sharp claws.
You have razor-sharp teeth.
You have supernaturally acute eyesight. (SInv)
You cover ground quickly. (Speed+)
You are covered in thick fur. (AC +2)
Your paws help you pounce on unaware monsters.
You are incapable of wielding weapons or throwing items.
You cannot wear armour.
You gain extra lives every three experience levels.


Message History

Your crimson imp closely misses the adder.
You are too injured to fight recklessly!
Casting: Summon Guardian Golem (dangerous; 3% risk of failure)
Press: ? - help, Q - select action, (/) - cycle Dir - look around, f - activate A guardian golem appears, shielding your allies.
Your hound bites the adder.
The adder bites your crimson imp.
Your crimson imp is poisoned.
The adder poisons your crimson imp!
Your hound closely misses the adder.
The adder barely misses your crimson imp.
Your crimson imp misses the adder.
Your hound bites the adder.
The adder dies!
Maggie casts a spell at you. The bolt of fire hits you!
* * * LOW HITPOINT WARNING * * *
Maggie mumbles some strange words.
Maggie attempts to bespell you! You resist with some effort.
Your crimson imp barely misses Maggie.
Maggie barely misses your guardian golem.
You feel better.
Your crimson imp closely misses Maggie.
Maggie hits your guardian golem with a +0 morningstar.
Your hound bites Maggie but does no damage.
Your crimson imp looks more healthy.
Your crimson imp barely misses Maggie.
Maggie gestures wildly while chanting.
Maggie attempts to bespell you! You resist with almost no effort.
Your hound completely misses Maggie.
Your crimson imp hits Maggie but does no damage.
Your hound bites Maggie.
Maggie hits your guardian golem with a +0 morningstar!
Your hound bites Maggie.
Your crimson imp blinks!
Your hound barely misses Maggie.
Maggie says, "Fear not.
I will immortalize you in the tale of my first kill."
Maggie points at you and mumbles some strange words.
The bolt of fire hits your guardian golem!
Your guardian golem resists.
The bolt of fire hits you!
Ouch! That really hurt!
You die...

#.≈≈.≈≈..# .#
##.≈≈.≈≈..# .#
#..§...§.###.####
#.####..≈(8÷≈........#
..................##.###
..###.####...#h........#
# ###.#..@§...##.#.####
.. ..#..[#9..)#........
....
##.##.##..@†)..#.####
###e.##.##.##....5..#(#
.......$...###........#
.##.###.....###########
#####.# #.# #.# #####.##
#<..)..#


You could see Maggie (ally target), a friendly guardian golem (summoned), a
friendly hound (summoned, sheltered) and a friendly crimson imp (summoned,
sheltered).

Vanquished Creatures
  An orc priest (D:6)
  A ball python (D:3)
  A bat (D:3)
  A rat (D:1)
4 creatures vanquished.

Vanquished Creatures (collateral kills)
  An ogre (D:5)
  A necrophage (D:5)
  A bullfrog (D:6)
  A scorpion (D:4)
  A jelly (D:5)
  3 hounds (D:5)
  3 iguanas
  3 gnolls (D:5)
  8 adders
  2 white imps (D:6)
  An ufetubus (D:6)
  A worm (D:4)
  6 dart slugs
  16 orcs
  6 endoplasms
  5 giant cockroaches
  2 goblins
  9 hobgoblins
  3 quokkas
  8 ball pythons
  A bat (D:2)
  4 frilled lizards
  6 kobolds
  9 rats
101 creatures vanquished.

Vanquished Creatures (others)
  Edmund (D:6)
  Duvessa (D:6)
  An ogre (D:4)
  A phantom (D:4)
  A necrophage (D:4)
  Dowan (D:6)
  A gnoll bouda (D:5)
  An orc priest (D:6)
  2 gnolls
  An orc (D:6)
  An endoplasm (D:4)
12 creatures vanquished.

Grand Total: 117 creatures vanquished

Notes
Turn   | Place    | Note
-------+----------+-------------------------------------------
     0 | D:1      | rabbitsville the Felid Summoner began the quest for the
                  | Orb.
     0 | D:1      | Reached XP level 1. HP: 7/7 MP: 4/4
   260 | D:1      | Reached XP level 2. HP: 11/11 MP: 3/6
   263 | D:1      | Learned a level 2 spell: Call Imp
  1242 | D:2      | Found Naecweka's Assorted Antiques.
  1243 | D:2      | Reached XP level 3. HP: 14/14 MP: 1/8
  1247 | D:2      | Learned a level 3 spell: Call Canine Familiar
  1427 | D:2      | Found a shimmering altar of Xom.
  1539 | D:2      | Reached XP level 4. HP: 18/18 MP: 9/9
  2519 | D:3      | Reached skill level 5 in Summonings
  2571 | D:3      | Found a runed translucent gate.
  2572 | D:3      | Found a runed translucent gate.
  2573 | D:3      | Found a runed translucent gate.
  2583 | D:3      | Noticed osoart's ghost (amateur GnWn)
  2584 | D:3      | Noticed OstrichLN's ghost (weakling TrGl)
  2585 | D:3      | Noticed xian's ghost (weakling DEHu)
  2585 | D:3      | Noticed Chaicat's ghost (amateur DsMo)
  2585 | D:3      | Noticed avis's ghost (amateur HOMo)
  2792 | D:4      | Learned a level 3 spell: Summon Guardian Golem
  2792 | D:4      | Noticed a phantom
  2822 | D:4      | Found a glowing silver altar of Zin.
  2845 | D:4      | Found a basalt altar of Yredelemnul.
  2885 | D:4      | Reached skill level 1 in Hexes
  2897 | D:4      | Found an opulent altar of Gozag.
  3133 | D:4      | Noticed a necrophage
  3155 | D:4      | Killed a necrophage
  3156 | D:4      | Reached skill level 1 in Fighting
  3156 | D:4      | Reached XP level 5. HP: 22/22 MP: 11/11
  3262 | D:4      | Gained mutation: You are covered in thick fur. (AC +2)
                  | [Felid growth]
  3262 | D:4      | Reached XP level 6. HP: 4/26 MP: 12/12
  3284 | D:4      | Killed from afar by an orc
  3285 | D:4      | Reached XP level 5. HP: -5/22 MP: 11/11
  3526 | D:4      | Noticed an ogre
  3549 | D:4      | You fall into a shaft and drop 1 floor!
  3549 | D:5      | Entered Level 5 of the Dungeon
  3882 | D:5      | Reached XP level 6. HP: 26/26 MP: 12/12
  3924 | D:5      | Noticed CorralTheTroops's ghost (novice DsCj)
  3926 | D:5      | Found a transporter.
  3926 | D:5      | Found a transporter.
  3926 | D:5      | Identified the +1 dire flail "Ahonei" {vorpal, Stlth+}
  3998 | D:5      | Found a staircase to the Ecumenical Temple.
  4008 | Temple   | Entered the Ecumenical Temple
  4545 | D:5      | Reached XP level 7. HP: 30/30 MP: 7/14
  4923 | D:4      | Reached skill level 5 in Dodging
  4923 | D:4      | Reached skill level 6 in Summonings
  5320 | D:5      | Learned a level 4 spell: Summon Lightning Spire
  5828 | D:6      | Noticed Edmund
  5840 | D:6      | Killed Edmund
  5847 | D:6      | Noticed Dowan
  5866 | D:6      | Found a bloodstained altar of Trog.
  5892 | D:6      | Reached skill level 5 in Hexes
  5892 | D:6      | Reached skill level 1 in Air Magic
  5901 | D:6      | Killed from afar by an orc priest
  5902 | D:6      | Reached XP level 6. HP: -6/28 MP: 14/14
  5902 | D:6      | Found Feshrulo's Assorted Antiques.
  5910 | D:6      | Noticed a steam dragon
  5924 | D:7      | Noticed an orc warrior
  5929 | D:7      | Noticed a water moccasin
  5959 | D:7      | Noticed an ice beast
  6188 | D:6      | Killed Dowan
  6188 | D:6      | Noticed Duvessa
  6189 | D:6      | Reached XP level 7. HP: 12/31 MP: 15/15
  6189 | D:6      | Killed Duvessa
  6205 | D:6      | Noticed Maggie
  6217 | D:6      | Killed from afar by Maggie

Illustrated notes

Levels and vault maps discovered:
D:1:      lemuel_arrival_rhombus, layout_basic
D:2:      layout_rooms, basic_altar, serial_shops, shop
D:3:      layout_basic, gammafunk_ghost_cemetery
D:4:      wad_pebble_path, layout_loops_corners,
          pdpol_temple_overflow_zin_treasury_gozag_greed, lemuel_doored_altar
D:5:      layout_basic, minmay_temple_entry_nine_rooms, gammafunk_ghost_smash,
          minmay_misc_feat_encased, corexii_item_surrounded_by_moat
D:6:      layout_loops_cross, mainiacjoe_overflow_catwalk, serial_shops,
          nicolae_shop_crystal, uniq_maggie, uniq_prince_ribbit1, uniq_edmund,
          uniq_duvessa
D:7:      layout_basic, mainiacjoe_overflow_small_starburst, enter_ossuary_4,
          nicolae_shop_unique_rings
Temple:   zaba_magenta_temple

Skill      XL: |  1  2  3  4  5  6  7 |
---------------+----------------------+-----
Spellcasting   | 3 4 |  4.9
Summonings     | 5 6 |  6.4
Hexes          | 1 3 4 5 |  5.0
Dodging        | 3 4 5 |  5.8
Fighting       | 1 2 3 |  3.8
Air Magic      | 1 |  1.5
Stealth        | |  2.6

Action                   |  1- 3 |  4- 6 |  7- 9 || total
-------------------------+-------+-------+-------++-------
Melee: Unarmed           |     4 |    15 |     7 ||    26
       Bite              |       |     2 |     1 ||     3
 Cast: Summon Small Mamm |    11 |     3 |       ||    14
       Call Imp          |    13 |     6 |     6 ||    25
       Call Canine Famil |     4 |    30 |    15 ||    49
       Summon Guardian G |       |    13 |     5 ||    18
  Use: Potion            |       |     1 |     1 ||     2
       Scroll            |       |     3 |       ||     3
Armor: Skin              |       |     1 |       ||     1
Dodge: Dodged            |     5 |    33 |    12 ||    50

Table legend: (Time is in decaauts)
 A = Elapsed time spent in this place.
 B = Non-inter-level travel time spent in this place.
 C = Inter-level travel time spent in this place.
 D = Time resting spent in this place.
 E = Time spent auto-exploring this place.
 F = Levels seen in this place.
 G = Mean time per level.
                   A        B        C        D        E       F      G
               +--------+--------+--------+--------+--------+-----+--------+
         Total |   5373 |   5201 |    172 |    456 |   3301 |   8 |  671.6 |
       Dungeon |   5303 |   5131 |    172 |    456 |   3268 |   7 |  757.6 |
        Temple |     70 |     70 |      0 |      0 |     32 |   1 |   70.0 |
               +--------+--------+--------+--------+--------+-----+--------+

Top non-repeatable levels by time:
     D:5: 1346 daAuts
     D:1: 1048 daAuts
     D:4: 1040 daAuts
     D:3: 865 daAuts
     D:6: 522 daAuts
     D:2: 434 daAuts
  Temple: 70 daAuts
     D:7: 45 daAuts
